 Dungeon Crawl Stone Soup version 0.27-a0-965-gbf8bb431c4 (webtiles) character file.

Game seed: 5904619396756090105

22 HendSelp the Magician (level 2, 0/21 HPs)
             Began as a Djinni Ice Elementalist on Apr 12, 2021.
             Slain by a quokka (1 damage)
             ... on level 2 of the Dungeon.
             The game lasted 00:00:58 (1368 turns).

HendSelp the Magician (Djinni Ice Elementalist)     Turns: 1368, Time: 00:01:00

Health: 0/21       AC:  2    Str:  7    XL:     2   Next: 91%
Gold:   32         EV: 12    Int: 16    God:
                   SH:  0    Dex: 13

rFire    + + .     SeeInvis .   c - staff of death
rCold    x . .     Faith    .   (no shield)
rNeg     + . .     Spirit   .   a - +0 robe
rPois    ∞         Reflect  .   (no helmet)
rElec    .         Harm     .   (no cloak)
rCorr    .         Rampage  .   (no gloves)
Will     .....                  (boots unavailable)
Stlth    ++........             (no amulet)
HPRegen  0.07/turn              (no ring)
MPRegen  0.00/turn              (no ring)

@: flying
A: fire resistance 2, cold vulnerability 1, float, innate caster, hp casting,
extra vitality 1
a: no special abilities


You were on level 2 of the Dungeon.
You visited 1 branch of the dungeon, and saw 2 of its levels.

You collected 32 gold pieces.

Inventory:

Armour
 a - a +0 robe (worn)
Magical Staves
 c - a staff of death (weapon)
Potions
 b - a potion of degeneration {unknown}


   Skills:
 + Level 2.3 Dodging
 + Level 1.6 Stealth
 + Level 4.2 Spellcasting


You couldn't memorise any spells.
You knew the following spells:

 Your Spells              Type           Power      Damage    Failure   Level
a - Freeze                Ice            64%        1d8       3%          1
b - Frozen Ramparts       Ice            32%        1d5       9%          3
c - Ozocubu's Armour      Ice            16%        N/A       9%          3
d - Hailstorm             Conj/Ice       16%        3d6       28%         4
e - Metabolic Englaciati  Hex/Ice        8%         N/A       63%         5
Your spell library was empty.

Dungeon Overview and Level Annotations

Branches:
Dungeon (2/15)

Altars:

Shops:
D:2 (


Innate Abilities, Weirdness & Mutations

You are immune to poison.
Your flesh is very heat resistant. (rF++)
You are vulnerable to cold. (rC-)
You float through the air rather than walking.
You learn spells naturally, not from books.
Your magical power is your life essence.
You have superior vitality. (+4 HP)


Message History

The quokka bites you but does no damage.
The quokka bites you.
You freeze the quokka.
The quokka is severely wounded.
The quokka barely misses you.
There are monsters nearby!
You hit the quokka but do no damage.
The quokka is severely wounded.
The rat bites you but does no damage. The quokka closely misses you.
The rat bites you.
You are too injured to fight recklessly!
There are monsters nearby!
You are too injured to fight recklessly!
You are too injured to fight recklessly!
There are monsters nearby!
You are too injured to fight recklessly!
You are too injured to fight recklessly!
There are monsters nearby!
You are too injured to fight recklessly!
You are too injured to fight recklessly!
There are monsters nearby!
You are too injured to fight recklessly!
You are too injured to fight recklessly!
You are too injured to fight recklessly!
You hit the rat but do no damage. The quokka barely misses you.
The quokka bites you.
The rat twitches its whiskers.
The rat barely misses you.
You hit the rat.
The rat is moderately wounded.
The quokka bites you.
* * * LOW HITPOINT WARNING * * *
The rat barely misses you.
You barely miss the rat.
The rat is moderately wounded.
The quokka bites you but does no damage.
The rat bites you.
* * * LOW HITPOINT WARNING * * *
The quokka bites you.
You die...

#.....†....##.....>..>
#......<...##.[.!.....
#..........##.........
#..........##./....(..
#....<.....#.∩........
#.................S...
###.##..#####..<......
#. #..# ##r###...
..#...# #@#
###...###.....r......
#........#..#.......
#....## #.# .......
#..... #. ....... ..
....... .. ....... ##.
.......


You could see a quokka and a rat.

Vanquished Creatures
  3 dart slugs (D:1)
  A giant cockroach (D:1)
  A goblin (D:1)
  4 hobgoblins
  A bat (D:1)
  A frilled lizard (D:1)
  3 kobolds (D:1)
  2 rats
16 creatures vanquished.

Notes
Turn   | Place    | Note
-------+----------+-------------------------------------------
     0 | D:1      | HendSelp the Djinni Ice Elementalist began the quest for
                  | the Orb.
     0 | D:1      | Reached XP level 1. HP: 15/15 MP: 0/0
   534 | D:1      | Reached XP level 2. HP: 14/21 MP: 0/0
   664 | D:1      | Reached skill level 4 in Spellcasting
  1349 | D:2      | Found Ryav's Weapon Boutique.
  1368 | D:2      | HP: 1/21 [rat (1)]
  1368 | D:2      | Slain by a quokka

Illustrated notes

Levels and vault maps discovered:
D:1:      amcnicky_arrival_choice, layout_rooms, serial_forest,
          infiniplex_forest_straight_2, infiniplex_forest_clump_diagonal,
          infiniplex_forest_straight_2, infiniplex_forest_lined_3,
          infiniplex_forest_clump_diagonal, infiniplex_forest_corner_2,
          infiniplex_forest_end_double
D:2:      layout_rooms, basic_ecumenical_altar, serial_shops, shop,
          hangedman_decor_peaks_small

Skill      XL: |  1  2 |
---------------+-------+-----
Spellcasting   | 4 |  4.2
Dodging        | |  2.3
Stealth        | |  1.6

Action                   || total
-------------------------++-------
Melee: Staff             ||    23
 Cast: Freeze            ||    29
 Stab: Sleeping          ||     2
Armor: Robe              ||    10
Dodge: Dodged            ||    28

Table legend: (Time is in decaauts)
 A = Elapsed time spent in this place.
 B = Non-inter-level travel time spent in this place.
 C = Inter-level travel time spent in this place.
 D = Time resting spent in this place.
 E = Time spent auto-exploring this place.
 F = Levels seen in this place.
 G = Mean time per level.
                   A        B        C        D        E       F      G
               +--------+--------+--------+--------+--------+-----+--------+
         Total |   1371 |   1331 |     40 |      0 |   1219 |   2 |  685.5 |
       Dungeon |   1371 |   1331 |     40 |      0 |   1219 |   2 |  685.5 |
               +--------+--------+--------+--------+--------+-----+--------+

Top non-repeatable levels by time:
     D:1: 1332 daAuts
     D:2: 38 daAuts
